AoeStats
← schmeno

Arabia

510228524Analyzed
1v1 RM · 3d ago on Sep 30, 2026· 45m 33s· 2 players
Game mode
Random Map
Map size
Tiny (2 player)
Population
200
Speed
Normal
Resources
Standard
Victory
Conquest
Starting age
Dark Age
Ending age
Imperial Age
RankedLock teamsTeams togetherTeam positionsShared explorationLock speedFull tech treeHidden civsTurbo modeCheats
Victory
Defeat
🇧🇷 Teutons · Brazil
1216
+14
🇺🇸 Saxons · United States
1180
-14
schmeno
6:34 Loom
9:12 Feudal Age
12:09 Double-Bit Axe
14:38 Fletching
22:52 Padded Archer Armor
27:05 Castle Age
27:53 Bodkin Arrow
40:10 Redemption
Kinait
7:07 Loom
9:25 Feudal Age
10:59 Man-at-Arms
14:30 Fletching
15:32 Scale Mail Armor
23:13 Double-Bit Axe
23:10 Horse Collar
26:00 Padded Archer Armor
31:14 Castle Age
29:31 Gold Mining
31:28 Crossbowman
32:16 Bodkin Arrow
33:36 Guard Tower
38:41 Ballistics
40:00 Bow Saw
41:40 Heavy Plow
44:57 Scale Barding Armor
45:35 Devotion
46:16 Forging
Connection lost

Rejoining the realm…

Still unreachable

The connection could not be restored.

Session expired

The server has moved on; the page needs a fresh start.